 Dungeon Crawl Stone Soup version 0.20.1-1-g8b1a95d (webtiles) character file.

126 letownia2 the Grave Robber (level 4, -10/36 HPs)
             Began as a Deep Dwarf Necromancer on Nov 28, 2017.
             Blown up by Ijyb (18 damage)
             ... with a wand of disintegration (?/24)
             ... on level 5 of the Dungeon.
             The game lasted 00:04:31 (1773 turns).

letownia2 the Grave Robber (Deep Dwarf Necromancer) Turns: 1773, Time: 00:04:32

Health: -10/36     AC:  6    Str: 11    XL:     4   Next: 83%
Magic:  7/7        EV: 11    Int: 17    God:
Gold:   60         SH:  0    Dex: 16    Spells: 3/7 levels left

rFire    . . .     SeeInvis .   a - +0 dagger
rCold    . . .     Gourm    .   (no shield)
rNeg     . . .     Faith    .   k - +0 ring mail
rPois    .         Spirit   .   (no helmet)
rElec    .         Reflect  .   (no cloak)
rCorr    .         Harm     .   j - +0 pair of fencer's gloves {+Riposte Dex+3}
MR       .....     Rnd*Tele +   (no boots)
Stlth    ++........             (no amulet)
Regen    0.0/turn               l - ring of teleportation (curse)
MPRegen  0.1/turn               (no ring)

@: non-regenerating
A: damage resistance, heal wounds, sense surroundings 1, no regeneration
a: Heal Wounds


You were on level 5 of the Dungeon.
You were not hungry.

You visited 1 branch of the dungeon, and saw 5 of its levels.

You collected 60 gold pieces.

Inventory:

Hand Weapons
 a - a +0 dagger (weapon)
Armour
 h - a +0 leather armour
 j - the +0 pair of fencer's gloves (worn) {+Riposte Dex+3}
   (You found it on level 4 of the Dungeon)

   It affects your dexterity (+3).
 k - a +0 ring mail (worn)
Jewellery
 l - a cursed ring of teleportation (left hand)
Scrolls
 e - a scroll of amnesia {unknown}
 f - 5 scrolls of identify {unknown}
 m - a scroll of immolation {unknown}
 n - 2 scrolls of teleportation {unknown}
Potions
 d - 2 potions of curing {unknown}
Books
 b - a book of Necromancy

   Spells                             Type                      Level
   a - Pain                           Necromancy                   1
   b - Animate Skeleton               Necromancy                   1
   c - Vampiric Draining              Necromancy                   3
   d - Regeneration                   Charms/Necromancy            3
   e - Animate Dead                   Necromancy                   4
   f - Control Undead                 Necromancy                   4
Comestibles
 c - 3 bread rations
 i - 2 fruits


   Skills:
 + Level 0.0 Fighting
 - Level 2.1 Dodging
 - Level 2.4 Stealth
 + Level 2.0 Spellcasting
 - Level 6.7 Necromancy


You had 3 spell levels left.
You knew the following spells:

 Your Spells              Type           Power        Failure   Level  Hunger
a - Pain                  Necr           ###.         3%          1    #......
v - Vampiric Draining     Necr           ###.......   9%          3    ###....


Dungeon Overview and Level Annotations

Branches:
Dungeon (5/15)
 Temple: D:4-7

Altars:
Zin

Annotations:
D:5 Ijyb


Innate Abilities, Weirdness & Mutations

You are resistant to damage.
You can heal yourself by infusing magical energy.
You passively map a small area around you.
You do not regenerate.


Message History

You see here 11 arrows.
n - 2 scrolls labeled YMEIRCH WUDDEGI (gained 1) As you open the door, it creaks loudly!
There is an open door here.
Found a leather armour.
Done exploring.
Done exploring.
There is a stone staircase leading down here.
You climb downwards.
Found a scroll labeled QAOGEZ RESOPPO.
There is a stone staircase leading up here.
Unknown command.
Ijyb the Twisted Goblin comes into view.
She is wielding a club.
Ijyb shouts!
Ijyb is nearby!
Unknown command.
There is a stone staircase leading up here.
Ijyb zaps a wand.
You are blasted!
Ouch! That really hurt!
You die...

* * #.# * #.#
* #.# , * #.#
* * ##?## *,
* ######...#*
....g....#* *
######...#.#*
, * * *
.......@...#
**
.#########.#*
* * , .. * *
## , , * , *
* , , , * *


You could see Ijyb.

Vanquished Creatures
  A howler monkey (D:4)
  A centaur skeleton (D:4)
  2 adders
  A dart slug (D:3)
  2 leopard geckos
  3 goblins
  3 hobgoblins
  10 jackals
  A kobold (D:1)
  A quokka (D:3)
  A ball python (D:3)
  3 bats
  4 frilled lizards
  A rat (D:1)
34 creatures vanquished.

Notes
Turn   | Place    | Note
-------+----------+-------------------------------------------
     0 | D:1      | letownia2 the Deep Dwarf Necromancer began the quest for the Orb.
     0 | D:1      | Reached XP level 1. HP: 15/15 MP: 3/3
   328 | D:2      | Reached XP level 2. HP: 22/22 MP: 0/5
   388 | D:3      | Reached skill level 5 in Necromancy
   472 | D:2      | Reached XP level 3. HP: 15/28 MP: 3/6
   477 | D:2      | Learned a level 3 spell: Vampiric Draining
  1454 | D:4      | Reached skill level 6 in Necromancy
  1454 | D:4      | Reached XP level 4. HP: 24/36 MP: 1/7
  1634 | D:4      | Found a glowing silver altar of Zin.
  1770 | D:5      | Entered Level 5 of the Dungeon
  1771 | D:5      | Noticed Ijyb
  1773 | D:5      | Blown up by Ijyb

Skill      XL: |  1  2  3 |
---------------+----------+-----
Spellcasting   | 2 |  2.0
Necromancy     | 5 6 |  6.7
Dodging        | |  2.1
Stealth        | |  2.4

Action                   |  1- 3 |  4- 6 || total
-------------------------+-------+-------++-------
Melee: Unarmed           |    23 |       ||    23
       Dagger            |     7 |    15 ||    22
 Cast: Pain              |    43 |       ||    43
       Vampiric Draining |    11 |     1 ||    12
  Eat: Chunk             |     4 |     1 ||     5
Armor: Ring mail         |    13 |     4 ||    17
       Robe              |     2 |       ||     2
Dodge: Dodged            |    37 |     5 ||    42
       Rpst.: Unarmed    |     6 |       ||     6
       Dagger            |     2 |     2 ||     4
